 Dungeon Crawl Stone Soup version 0.19-a0-1827-g174f941 (webtiles) character file.

98 kae the Shield-Bearer (level 5, -1/42 HPs)
             Began as a Formicid Fighter on Oct 7, 2016.
             Slain by a gnoll
             ... wielding a +4 spear of flaming
              (2 damage)
             ... on level 3 of the Dungeon.
             The game lasted 00:01:44 (2438 turns).

kae the Shield-Bearer (Formicid Fighter)            Turns: 2438, Time: 00:01:45

Health: -1/42      AC:  8    Str: 21    XL:     5   Next: 1%
Magic:  5/5        EV:  6    Int:  8    God:
Gold:   153        SH: 15    Dex: 10    Spells: 0 memorised, 4 levels left

rFire  . . .     SeeInvis +     a - +0 long sword
rCold  . . .     Gourm    .     b - +0 scale mail
rNeg   . . .     Faith    .     m - +1 large shield {reflect}
rPois  .         Spirit   .     (helmet unavailable)
rElec  .         Dismiss  .     (no cloak)
rCorr  .         Reflect  +     (no gloves)
MR     .....     Harm     .     j - +0 pair of boots (curse)
Stlth  ..........               (no amulet)
                                (no ring)
                                (no ring)

@: no status effects
A: permanent stasis, dig shafts and tunnels, four strong arms, antennae 3
a: Dig, Shaft Self


You were on level 3 of the Dungeon.
You were very hungry.

You visited 1 branch of the dungeon, and saw 3 of its levels.

You collected 153 gold pieces.

Inventory:

Hand Weapons
 a - a +0 long sword (weapon)
Armour
 b - a +0 scale mail (worn)
 c - a +0 shield
 j - a cursed +0 pair of boots (worn)
 m - a +1 large shield of reflection (worn)
Scrolls
 e - a scroll of enchant weapon {unknown}
 h - 5 scrolls of identify {unknown}
 i - a scroll of remove curse {unknown}
 k - 3 scrolls of teleportation {unknown}
 p - a scroll of random uselessness {unknown}
 r - a scroll of immolation {unknown}
 t - a scroll of fog {unknown}
 v - a scroll of recharging {unknown}
Potions
 d - 3 potions of might
 l - a potion of lignification {unknown}
 n - 2 potions of agility {unknown}
 o - 2 potions of curing {unknown}
 u - a potion of brilliance {unknown}
Comestibles
 f - 3 bread rations
 g - a beef jerky
 q - a slice of pizza
 s - 2 fruits


   Skills:
 + Level 4.1 Fighting
 * Level 3.5 Long Blades
 - Level 3.2 Armour
 + Level 4.4 Shields


You had 4 spell levels left.
You didn't know any spells.

Dungeon Overview and Level Annotations

Branches:
Dungeon (3/15)

Altars:
Ashenzari


Innate Abilities, Weirdness & Mutations

You are under a permanent stasis effect.
You can dig through walls and to a lower floor.
Your four strong arms can wield two-handed weapons with a shield.
You have a pair of large antennae on your head. (SInv)


Message History

The gnoll hits you with a spear of flaming.
The gnoll burns you.
You barely miss the gnoll. You block the gnoll's attack.
You hit the gnoll.
The gnoll is moderately wounded.
The gnoll hits you with a spear of flaming.
* * * LOW HITPOINT WARNING * * *
The gnoll burns you.
* * * LOW HITPOINT WARNING * * *
You block the gnoll's attack.
Your shield and scale mail prevent you from hitting the gnoll.
The gnoll is moderately wounded.
You block the gnoll's attack.
You hit the gnoll but do no damage.
The gnoll is moderately wounded.
The gnoll hits you but does no damage.
The gnoll hits you with a spear of flaming!
* * * LOW HITPOINT WARNING * * *
The gnoll burns you.
You die...

.# #.........# #...##.#####. .#
#####.##### #..#.......... )# #.#
##...##.#####. .# #.# ##.###.# #.
.# ###.### #. #.###### .# #.....#
#. #....... .## #.#.#.###
##+########## ..# #.#.#.#g##
##...## #. #.#
#.#.#..#@###.....## ## #.#
#.#..g#####.......## ##.
..#######.#...####.......).####..
................g'.........'(.(..
..#######.#...####.........####..
.## #.....# ##.......## ##. .#
#####.# ##.....## ## .# #.#
##...######### .# #.#
##'#.........


You could see a gnoll.

Vanquished Creatures
  A gnoll (D:3)
  4 adders
  4 worms
  A dart slug (D:1)
  A leopard gecko (D:1)
  2 giant cockroaches
  2 goblins
  4 hobgoblins
  2 quokkas
  6 bats
  3 frilled lizards
  5 kobolds
  8 rats
43 creatures vanquished.

Notes
Turn   | Place    | Note
-------+----------+-------------------------------------------
     0 | D:1      | kae the Formicid Fighter began the quest for the Orb.
     0 | D:1      | Reached XP level 1. HP: 18/18 MP: 1/1
   229 | D:1      | Reached XP level 2. HP: 24/24 MP: 2/2
   825 | D:2      | Reached XP level 3. HP: 28/30 MP: 3/3
  1265 | D:2      | Reached XP level 4. HP: 34/37 MP: 4/4
  2077 | D:3      | Found a shattered altar of Ashenzari.
  2432 | D:3      | Reached XP level 5. HP: 26/42 MP: 5/5
  2438 | D:3      | HP: 1/42 [gnoll/spear of flaming (9)]
  2438 | D:3      | Slain by a gnoll

Vault maps used:
D:1:      dpeg_arrival_water_temple_mockup
D:2:      grunt_ministairs_1
D:3:      nicolae_overflow_crystal_walls, xom_teletrap_fun

Skill      XL: |  1  2  3  4 |
---------------+-------------+-----
Shields        | 4 |  4.4
Long Blades    | 3 |  3.5
Fighting       | 4 |  4.1
Armour         | |  3.2

Action                   |  1- 3 |  4- 6 || total
-------------------------+-------+-------++-------
Melee: Long sword        |    96 |    90 ||   186
 Abil: Dig               |       |     1 ||     1
  Eat: Chunk             |     1 |     3 ||     4
Armor: Scale mail        |    40 |    31 ||    71
Dodge: Dodged            |    27 |    12 ||    39
Block: Shield            |    23 |       ||    23
       Large shield      |    42 |    82 ||   124
       Reflection        |       |     3 ||     3
       Rpst.: Long sword |    13 |     2 ||    15
